 Dungeon Crawl Stone Soup version 0.23.2-1-ga50397a (webtiles) character file.

Game seed: 13270260057894086925

271 Borgoz the Chopper (level 6, -1/78 HPs)
             Began as a Minotaur Gladiator on May 15, 2019.
             Slain by a wight
             ... wielding a +3 spear
              (4 damage)
             ... on level 3 of the Dungeon.
             The game lasted 00:04:27 (1960 turns).

Borgoz the Chopper (Minotaur Gladiator)             Turns: 1960, Time: 00:04:28

Health: -1/78      AC: 23    Str: 18      XL:     6   Next: 2%
Magic:  5/5        EV:  2    Int:  3 (5)  God:
Gold:   70         SH:  0    Dex: 13 (14) Spells: 5/5 levels left

rFire    . . .     SeeInvis .   a - +0 war axe
rCold    . . .     Gourm    .   (no shield)
rNeg     + + +     Faith    .   (armour currently unavailable)
rPois    +         Spirit   .   (helmet currently unavailable)
rElec    .         Reflect  .   (cloak currently unavailable)
rCorr    .         Harm     .   (gloves currently unavailable)
MR       .....     NoTele   +   (boots currently unavailable)
Stlth    +.........             (no amulet)
HPRegen  0.23/turn              (no ring)
MPRegen  0.09/turn              (no ring)

@: tree-form (expiring), lightly drained
A: (retaliatory headbutt)
a: no special abilities


You were on level 3 of the Dungeon.
You were hungry.
You were a tree.
You visited 1 branch of the dungeon, and saw 3 of its levels.

You collected 70 gold pieces.

Inventory:

Hand Weapons
 a - a +0 war axe (weapon)
Missiles
 d - 3 throwing nets (quivered)
Armour
 c - a +0 hat (melded)
 e - a +1 chain mail (melded)
Scrolls
 g - a scroll of remove curse {unknown}
 h - a scroll of fog {unknown}
 k - 2 scrolls of teleportation {unknown}
 l - 6 scrolls of identify {unknown}
 m - a scroll of enchant weapon {unknown}
 n - a scroll of blinking {unknown}
Comestibles
 f - 4 rations
 i - a chunk of flesh


   Skills:
 + Level 4.0(3.9) Fighting
 * Level 5.9(5.8) Axes
 - Level 2.0(1.9) Throwing
 + Level 2.9(2.8) Armour
 + Level 4.3 Dodging


You had 5 spell levels left.
You didn't know any spells.
Your spell library was empty.

Dungeon Overview and Level Annotations

Branches:
Dungeon (3/15)

Altars:
Ru
Trog


Innate Abilities, Weirdness & Mutations

((You reflexively headbutt those who attack you in melee.))
((You have a pair of horns on your head.))


Message History

The wight hits you but does no damage.
The wight throws a stone.
The stone hits you but does no damage. The wight hits you but does no damage.
As you read the scroll labeled MIZIOQURUNI, it crumbles to dust.
It is a scroll of enchant armour.
Your +0 chain mail glows green for a moment.
The worm completely misses you. The wight hits you but does no damage.
The wight throws a stone.
The stone hits you but does no damage.
You slash the worm!
The worm is heavily wounded.
The wight hits you but does no damage.
The wight throws a stone.
The stone hits you but does no damage.
You barely miss the worm.
The worm is heavily wounded.
The worm bites you but does no damage.
The wight throws a stone.
The stone hits you but does no damage. The wight hits you but does no damage.
You hit the worm but do no damage.
The worm is heavily wounded.
The wight hits you from afar with a +3 spear.
You die...

..(.....# ##
........### .......
..#####[..# .......
.## ###.# ....... #
#.# #...(...
.#####.##### ........
#........)(.##........
#######...#..)#w..#
#.#.....♣)z.#
#..###..##z.....
##########. ##.# ...#.
......<..#. #... ....
.w..z.†..#.. ####. ...
.....zz..... . ..
.........###.# .
...z.....# .........#


You could see a worm and 2 wights.

Vanquished Creatures
  2 wights (D:3)
  Natasha (D:2)
  Robin (D:2)
  3 gnolls (D:3)
  4 adders
  An ooze (D:2)
  3 worms
  A dart slug (D:1)
  2 leopard geckos
  An orc (D:3)
  4 giant cockroaches
  12 goblins
  15 hobgoblins
  2 quokkas (D:2)
  3 bats
  5 frilled lizards
  8 kobolds
  8 rats
76 creatures vanquished.

Notes
Turn   | Place    | Note
-------+----------+-------------------------------------------
     0 | D:1      | Borgoz the Minotaur Gladiator began the quest for the Orb.
     0 | D:1      | Reached XP level 1. HP: 18/18 MP: 0/0
    13 | D:1      | Reached XP level 2. HP: 25/25 MP: 1/1
    42 | D:1      | Reached skill level 4 in Axes
    62 | D:1      | Reached skill level 1 in Armour
   286 | D:1      | Reached XP level 3. HP: 29/30 MP: 2/2
   576 | D:2      | Found a bloodstained altar of Trog.
   983 | D:2      | Noticed Robin
   991 | D:2      | Killed Robin
   991 | D:2      | Reached XP level 4. HP: 25/38 MP: 3/3
   999 | D:2      | Noticed Natasha
  1017 | D:2      | Killed Natasha
  1215 | D:2      | Reached skill level 5 in Axes
  1674 | D:3      | Reached XP level 5. HP: 44/45 MP: 4/4
  1718 | D:3      | Found a sacrificial altar of Ru.
  1955 | D:3      | Reached XP level 6. HP: 4/52 MP: 5/5
  1955 | D:3      | HP: 2/78 [wight/+3 spear (3)]
  1960 | D:3      | Slain by a wight

Skill      XL: |  1  2  3  4  5 |
---------------+----------------+-----
Axes           | 4 5 |  5.9
Armour         | 1 2 |  2.9
Fighting       | 3 4 |  4.0
Dodging        | 4 |  4.3
Throwing       | |  2.0

Action                   |  1- 3 |  4- 6 || total
-------------------------+-------+-------++-------
Melee: War axe           |    72 |    88 ||   160
       Headbutt          |    13 |    14 ||    27
  Use: Potion            |       |     4 ||     4
       Scroll            |       |     1 ||     1
  Eat: Chunk             |       |     3 ||     3
Armor: Leather armour    |     6 |       ||     6
       Chain mail        |    17 |    33 ||    50
       Skin              |       |    53 ||    53
Dodge: Dodged            |    49 |    41 ||    90
